 Dungeon Crawl Stone Soup version 0.16-a0-3338-g5ad3fa0 (webtiles) character file.

217028 sdynet the Pioneer (level 18, -5/110 HPs)
             Began as a Gargoyle Fighter on Dec 27, 2014.
             Was an Elder of Pakellas.
             Killed from afar by a deep elf annihilator (40 damage)
             ... with an iron shot
             ... led by an ironheart preserver
             ... on level 2 of the Vaults on Dec 28, 2014.
             The game lasted 04:20:06 (33300 turns).

sdynet the Pioneer (Gargoyle Fighter)              Turns: 33300, Time: 04:20:06

Health: -5/110     AC: 35    Str: 33    XL:     18   Next: 56%
Magic:  37/37      EV:  8    Int: 13    God:    Pakellas [****..]
Gold:   2186       SH: 15    Dex:  9    Spells: 0 memorised, 17 levels left

rFire  + . .     SeeInvis +     F - +10 rod of ignition (18/18)
rCold  + + .     Clarity  .     q - +2 plate armour {MR+}
rNeg   + + +     SustAb   +     p - +1 shield {rF+}
rPois  ∞         Gourm    .     G - +0 helmet of Lugonu's Pride {rC+ Str+1 SInv}
rElec  +         Spirit   .     r - -1 cloak of Obint {rCorr Curse} (curse)
rCorr  +         Warding  +     f - +1 pair of gloves
rMut   .         Stasis   .     t - +0 pair of boots {run}
MR     ++...                    T - amulet of Stawiuga {Ward rC+ rN+ Stlth+}
Stlth  ..........               z - ring of Arrival {rN+ Str+4 Int+4}
                                k - ring of sustain abilities

@: flying, hasted, very quick, very resistant to hostile enchantments, extremely
unstealthy
A: able to fly continuously, big wings, negative energy resistance 1,
regeneration 1, electricity resistance, wild magic 1, unbreathing, petrification
resistance, rot immunity, AC +13
a: Stop Flying, Minor Device Surge, Quick Charge, Device Surge, Renounce
Religion
}: 2/15 runes: decaying, gossamer


You were on level 2 of the Vaults.
You worshipped Pakellas.
Pakellas was greatly pleased with you.
You were not hungry.

You visited 7 branches of the dungeon, and saw 38 of its levels.
You also visited: Labyrinth and Volcano.

You collected 3947 gold pieces.
You spent 1761 gold pieces at shops.

Inventory:

Hand weapons
 a - the +5 flail "Dosycs" {elec, +Rage rF+}
   (You found it on level 1 of the Swamp)

   Occasionally, upon striking a foe, it will discharge some electrical energy
   and cause terrible harm.
   It protects you from fire.
   It lets you go berserk.
 R - a +3 antimagic morningstar
Armour
 f - a +1 pair of gloves (worn)
 p - a +1 shield of fire resistance (worn)
 q - a +2 plate armour of magic resistance (worn)
 r - the cursed -1 cloak of Obint (worn) {rCorr Curse}
   (You bought it in a shop on level 4 of the Orcish Mines)

   It may recurse itself when equipped.
   It protects you from acid and corrosion.
   It has a curse placed upon it.
 t - a +0 pair of boots of running (worn)
 G - the +0 helmet of Lugonu's Pride (worn) {rC+ Str+1 SInv}
   (You bought it in a shop on level 13 of the Dungeon)

   It affects your strength (+1).
   It protects you from cold.
   It enhances your eyesight.
 J - a troll hide
 Z - a +2 large shield
Rods
 F - a +10 rod of ignition (18/18) (weapon)
   (You acquired it on level 8 of the Lair of Beasts)
 L - a +5 rod of inaccuracy (9/12)
   (You acquired it on level 2 of the Swamp)
Jewellery
 k - a ring of sustain abilities (left hand)
 z - the ring of Arrival (right hand) {rN+ Str+4 Int+4}
   (You found it on level 3 of the Swamp)

   [ring of positive energy]

   It affects your strength (+4).
   It affects your intelligence (+4).
   It protects you from negative energy.
 N - an uncursed ring of protection from magic
 T - the amulet of Stawiuga (around neck) {Ward rC+ rN+ Stlth+}
   (You bought it in a shop on level 1 of the Orcish Mines)

   [amulet of warding]

   It may prevent the melee attacks of summoned creatures.
   It protects you from cold.
   It protects you from negative energy.
   It makes you more stealthy.
 Y - an uncursed ring of protection from fire
Magical devices
 h - a wand of slowing (6)
 i - a wand of hasting (1)
 n - a wand of digging (6)
 u - a wand of invisibility (1)
 w - a wand of enslavement (0)
 B - a wand of disintegration (5)
 D - a wand of teleportation (3)
 H - a wand of confusion (28)
 Q - a wand of heal wounds (0)
 U - a wand of cold (4)
Scrolls
 b - a scroll of summoning
 c - 5 scrolls of fear
 e - 7 scrolls of fog
 g - 6 scrolls of identify
 j - 14 scrolls of remove curse
 o - a scroll of enchant weapon
 s - a scroll of magic mapping
 x - 11 scrolls of teleportation
 X - 2 scrolls of vulnerability
Potions
 v - 5 potions of heal wounds
 A - 6 potions of curing
 E - 5 potions of resistance
 M - 4 potions of cancellation
 P - a potion of haste
 S - 2 potions of might
 W - 4 potions of ambrosia
Miscellaneous
 l - a lantern of shadows
 m - a box of beasts
 y - a lamp of fire
 C - a phial of floods (inert, charging)
 I - a box of beasts {used: 1}
 K - a sack of spiders {used: 1}
 O - a disc of storms
Comestibles
 d - 19 bread rations


   Skills:
 - Level 11.0 Fighting
 - Level 16.0 Maces & Flails
 - Level 10.0 Armour
 + Level 13.2 Shields
 * Level 21.3 Evocations


You had 17 spell levels left.
You didn't know any spells.

Dungeon Overview and Level Annotations

Branches:
Dungeon (13/15)            Temple (1/1) D:7            Lair (8/8) D:10
  Swamp (5/5) Lair:5       Spider (5/5) Lair:3        Slime (0/6) Lair:8
    Orc (4/4) D:12            Elf (0/3) Orc:3        Vaults (2/5) D:13
  Crypt: Vaults:2-3

Altars:
Ashenzari
Cheibriados
Dithmenos
Elyvilon
Fedhas
Gozag
Kikubaaqudgha
Makhleb
Nemelex Xobeh
Okawaru
Pakellas
Qazlal
Ru
Sif Muna
Trog
Vehumet
Xom
Yredelemnul
Zin
The Shining One
Beogh

Shops:
D:13 ((*[(   Orc:1 (**[   Orc:3 *%   Orc:4 :[[(

Annotations:
D:4 Roderic's ghost, average HuGl
Lair:5 exclusion: oklob plant


Innate Abilities, Weirdness & Mutations

You are resistant to torment.
You are immune to poison.
You can fly continuously.
Your stone body is very resilient (AC +13).
Your wings are large and strong.
You resist negative energy.
You are resistant to electric shocks.
You can survive without breathing.
You are immune to petrification.
You are immune to rotting.
Your natural rate of healing is unusually fast.
Your spells are a little harder to cast, but a little more powerful.


Message History

The deep elf fighter's eyes start to glow.
Things that are here:
a morningstar; a plate armour; a human corpse The deep elf annihilator casts a spell at you.
The crystal spear hits you!
Items here: ) [[ † a mace; a plate armour; a large shield; a human corpse The deep elf annihilator hits you but does no damage.
The deep elf annihilator points at you and mumbles some strange words.
The bolt of lightning hits you! You resist.
There is an open door here.
Aiming: Explosive Bolt
Press: ? - help, Shift-Dir - straight line, f - deep elf annihilator
Aim: a deep elf annihilator, wielding a long sword of freezing and wearing a chain mail
Okay, then.
Drink which item? (? for menu, Esc to quit)
You feel yourself speed up.
The deep elf annihilator points at you and mumbles some strange words.
The iron shot hits you!
You die...

#'#####
#.e...#
####.(.####
#.###e###.#
#..#.p.#..#
#..'.e()..#
#..#.).#..#
#.###e###.#
####.@.####
#.....#
#+#'#######
#.........#
#.........#
+.....<...#
#.........+
#.........#
+.........#


You could see an ironheart preserver, 2 deep elf annihilators and 2 deep elf
fighters.

Vanquished Creatures
  Saint Roka (Swamp:5)
  2 thorn hunters
  An orc warlord (Orc:4)
  A vault warden (Vaults:1)
  A deep elf sorcerer (Vaults:1)
  5 emperor scorpions
  Louise (Spider:1)
  6 vault guards
  Snorg (Orc:4)
  A fire dragon (Lair:8)
  3 deep elf death magi (Vaults:1)
  A minotaur (Lab)
  A yaktaur captain (Vaults:1)
  4 ironheart preservers
  4 ice dragons (Swamp:5)
  Harold (D:10)
  10 hydras
  3 ghost crabs
  Erica (Orc:2)
  5 alligators
  A centaur warrior (Vaults:1)
  A tengu warrior (D:13)
  An orc high priest (Orc:4)
  Urug (Orc:1)
  4 spriggans
  Nergalle (Lair:8)
  A lindwurm (Lair:4)
  2 shambling mangroves
  3 hill giants
  9 swamp dragons
  An orc knight (Vaults:1)
  The ghost of zercules the Destroyer, an experienced HECj (D:9)
  2 ironbrand convokers (Vaults:1)
  A necromancer (D:13)
  3 wizards (D:13)
  4 orc sorcerers
  13 orb spiders
  10 ugly things (Vaults:1)
  16 wolf spiders
  2 cyclopes
  A centaur zombie (D:13)
  5 red wasps
  A manticore (Volcano)
  A guardian serpent (Lair:8)
  Maurice (D:8)
  3 moths of wrath
  10 black mambas
  A vault sentinel (Vaults:1)
  2 water elementals (Vaults:1)
  28 spiny frogs
  6 gargoyles
  Psyche (D:8)
  12 demonic crawlers
  5 yaktaurs
  7 komodo dragons
  5 fire drakes
  7 giant leeches
  16 jumping spiders
  A two-headed ogre (shapeshifter) (Vaults:1)
  4 wandering mushrooms (Lab)
  A raiju (shapeshifter) (Vaults:1)
  4 trolls
  2 boulder beetles
  2 baby alligators (Swamp:4)
  4 freezing wraiths (Swamp:5)
  A raven (shapeshifter) (Vaults:1)
  30 blink frogs
  8 bog bodies
  14 ravens
  36 redbacks
  24 slime creatures
  21 trapdoor spiders
  3 basilisks
  21 tarantellas
  3 shadows
  27 yaks
  A wraith (Vaults:1)
  19 humans (D:13)
  5 wyverns
  6 fire bats
  A deep elf fighter (Vaults:1)
  3 steam dragons (Lair:8)
  3 deep elf magi
  19 vampire mosquitoes
  8 hippogriffs
  12 wolves
  3 swamp worm simulacra (Swamp:5)
  6 hungry ghosts
  23 insubstantial wisps
  30 swamp worms
  Edmund (D:9)
  5 mottled dragons
  24 water moccasins
  12 hydra simulacra (Swamp:5)
  A hell hound (Volcano)
  6 wargs
  2 sky beasts
  16 porcupines
  2 black bears
  15 ogres
  2 necrophages
  11 ice beasts
  35 spiders
  4 swamp drakes
  6 yellow wasps
  41 orc warriors
  2 phantoms
  3 eyes of draining
  2 boring beetles
  6 centaurs
  A human simulacrum (Vaults:1)
  A lost soul (Vaults:1)
  11 crocodiles
  2 big kobolds
  21 giant frogs
  Blork the orc (D:8)
  10 scorpions
  6 killer bees
  4 vampire bats (Lair:2)
  8 hounds
  9 crimson imps
  7 electric eels
  A gnoll shaman (D:5)
  3 centaur skeletons
  4 jellies
  4 giant frog skeletons
  11 iguanas
  27 orc priests
  22 orc wizards
  4 hell rats (Lair:8)
  A killer bee zombie (D:7)
  23 sheep
  12 worker ants
  2 hound skeletons
  3 worker ant zombies
  4 gnolls (D:5)
  44 river rats
  36 adders
  A giant mite (D:2)
  4 worms (D:2)
  2 shadow imps
  5 swamp drake simulacra (Swamp:5)
  An adder skeleton (D:8)
  3 giant geckos
  An ooze (D:2)
  186 orcs
  15 bats
  A bat zombie (D:6)
  12 hobgoblins
  A jackal (D:6)
  28 kobolds
  8 quokkas
  6 giant cockroaches
  3 giant newts
  2 giant spores
  20 goblins
  9 orc zombies (Orc:4)
  2 quokka skeletons (D:5)
  13 rats
  4 ballistomycetes
  5 fungi
  A plant (Lair:5)
1398 creatures vanquished.

Vanquished Creatures (collateral kills)
  An orc warlord (Orc:4)
  Aizul (Swamp:5)
  2 emperor scorpions (Spider:5)
  2 vault wardens (Vaults:1)
  A ghost moth (Spider:5)
  3 ironheart preservers (Vaults:1)
  A fire dragon (Vaults:1)
  2 vault guards (Vaults:1)
  A yaktaur captain (Vaults:1)
  2 deep elf knights (Vaults:1)
  2 hill giants (Vaults:1)
  An orc knight (Vaults:1)
  A red wasp (Lair:8)
  5 wolf spiders
  A griffon (Vaults:1)
  2 vault sentinels (Vaults:1)
  A spiny frog (Lair:8)
  A fire drake (Lair:8)
  A yaktaur (Vaults:1)
  A demonic crawler (Spider:5)
  A blink frog (D:10)
  2 jumping spiders (Spider:1)
  A boulder beetle (Vaults:1)
  A jumping spider (shapeshifter) (Vaults:1)
  A basilisk (Lair:8)
  A trapdoor spider (Spider:5)
  2 tarantellas
  A spriggan (Swamp:3)
  A deep elf mage (Vaults:1)
  A hippogriff (Lair:3)
  A vampire mosquito (Vaults:1)
  A deep elf fighter (Vaults:1)
  A porcupine (Lair:3)
  4 orc warriors
  A swamp drake (Lair:8)
  A yellow wasp (Swamp:3)
  A spider (Lair:8)
  4 ice beasts (Vaults:1)
  2 crocodiles (Lair:8)
  A giant frog (Lair:3)
  A scorpion (Spider:1)
  2 orc priests
  2 orc wizards
  6 river rats (Lair:3)
  A giant mite (D:10)
  9 orcs
  A quokka (Lair:3)
  A fungus (Lair:8)
84 creatures vanquished.

Vanquished Creatures (others)
  5 water elementals
  An ironheart preserver (Vaults:1)
  A deep elf knight (Vaults:1)
  A wolf spider (Vaults:1)
  An orc knight (Vaults:1)
  3 fire elementals
  A spiny frog (Lair:5)
  A jumping spider (Vaults:1)
  A deep elf priest (Vaults:1)
  27 shadows (Vaults:1)
  A yellow wasp (Lair:8)
  A centaur (D:7)
  An ogre (D:7)
  A lost soul (Vaults:1)
  A hobgoblin (D:7)
  2 giant spores
  3 fungi
  4 plants
  7 toadstools (Swamp:3)
63 creatures vanquished.

Grand Total: 1545 creatures vanquished

Notes
Turn   | Place    | Note
--------------------------------------------------------------
     0 | D:1      | sdynet, the Gargoyle Fighter, began the quest for the Orb.
     0 | D:1      | Reached XP level 1. HP: 14/14 MP: 1/1
   334 | D:1      | Reached XP level 2. HP: 19/19 MP: 2/2
   445 | D:1      | Found a shimmering altar of Xom.
   920 | D:2      | Reached XP level 3. HP: 20/23 MP: 3/3
  1114 | D:2      | Found a basalt altar of Yredelemnul.
  1278 | D:2      | Reached skill level 4 in Maces & Flails
  1556 | D:2      | Reached XP level 4. HP: 24/28 MP: 4/4
  1599 | D:2      | Found a sparkling altar of Nemelex Xobeh.
  1896 | D:2      | Reached skill level 5 in Maces & Flails
  1896 | D:2      | Reached XP level 5. HP: 11/32 MP: 5/5
  2381 | D:3      | Found a shimmering altar of Xom.
  2616 | D:4      | Reached XP level 6. HP: 29/40 MP: 6/6
  2618 | D:4      | Reached skill level 5 in Fighting
  2788 | D:4      | Found a blossoming altar of Fedhas.
  2796 | D:4      | Found a stormy altar of Qazlal.
  2986 | D:4      | Noticed Roderic's ghost (average HuGl)
  3018 | D:5      | Entered Level 5 of the Dungeon
  3090 | D:5      | Reached skill level 6 in Fighting
  3362 | D:5      | Reached XP level 7. HP: 46/46 MP: 7/7
  3460 | D:5      | Found a glowing silver altar of Zin.
  3704 | D:5      | Reached skill level 5 in Shields
  3734 | D:5      | Found an oddly glowing altar of Pakellas.
  3757 | D:5      | Became a worshipper of Pakellas the Inventive
  3920 | D:5      | Found a glowing golden altar of the Shining One.
  4311 | D:6      | Reached skill level 5 in Armour
  4365 | D:6      | Reached XP level 8. HP: 51/51 MP: 8/8
  4969 | D:7      | Reached skill level 7 in Maces & Flails
  5006 | D:6      | Acquired Pakellas' first power
  5124 | D:7      | Reached skill level 8 in Maces & Flails
  5285 | D:7      | Found a staircase to the Ecumenical Temple.
  5295 | Temple   | Entered the Ecumenical Temple
  5454 | D:7      | Reached skill level 9 in Maces & Flails
  5454 | D:7      | Reached XP level 9. HP: 39/55 MP: 9/9
  5556 | D:8      | Found a sacrificial altar of Ru.
  5576 | D:8      | Reached skill level 1 in Evocations
  5587 | D:8      | Noticed Maurice
  5611 | D:8      | Noticed Psyche
  5615 | D:8      | Killed Psyche
  5618 | D:8      | Killed Maurice
  5618 | D:8      | Reached skill level 10 in Maces & Flails
  5848 | D:8      | Found a burning altar of Makhleb.
  6129 | D:8      | Reached skill level 5 in Evocations
  6129 | D:8      | Reached XP level 10. HP: 25/60 MP: 1/18
  6139 | D:8      | Noticed Blork the orc
  6417 | D:8      | Found a bloodstained altar of Trog.
  6421 | D:8      | Acquired Pakellas' second power
  6448 | D:8      | Killed Blork the orc
  6493 | D:8      | Reached skill level 11 in Maces & Flails
  6763 | D:9      | Noticed Edmund
  6772 | D:9      | Killed Edmund
  6916 | D:9      | Noticed zercules' ghost (experienced HECj)
  6930 | D:9      | Killed zercules' ghost
  7451 | D:9      | Found a white marble altar of Elyvilon.
  7652 | D:9      | Acquired Pakellas' third power
  7661 | D:9      | Reached skill level 12 in Maces & Flails
  7690 | D:10     | Entered Level 10 of the Dungeon
  7696 | D:10     | Noticed Harold
  7742 | D:10     | Killed Harold
  7742 | D:10     | Reached XP level 11. HP: 49/64 MP: 2/22
  8184 | D:10     | Found a glowing golden altar of the Shining One.
  8633 | D:10     | Found a staircase to the Lair.
  8794 | Lair:1   | Entered Level 1 of the Lair of Beasts
  9345 | Lair:1   | Reached skill level 13 in Maces & Flails
  9509 | Lair:1   | Reached skill level 10 in Evocations
  9957 | Lair:1   | Noticed a five-headed hydra
 10146 | D:11     | Reached XP level 12. HP: 20/71 MP: 7/25
 10704 | D:11     | Noticed a hill giant
 10715 | D:11     | Killed a hill giant
 11672 | D:12     | Found a staircase to the Orcish Mines.
 12208 | Orc:1    | Entered Level 1 of the Orcish Mines
 12251 | Orc:1    | Found Jeshiof's Antique Weapon Emporium.
 12382 | Orc:1    | Found Stoic's Assorted Antiques.
 12392 | Orc:1    | Bought a viscous cyan potion for 23 gold pieces
 12392 | Orc:1    | Bought a grey potion for 23 gold pieces
 12519 | Orc:1    | Found Wazap's Armour Shoppe.
 12520 | Orc:1    | Found Gatac's Assorted Antiques.
 12533 | Orc:1    | Bought a bound platinum amulet for 130 gold pieces
 12533 | Orc:1    | Bought a fluorescent wand for 104 gold pieces
 12534 | Orc:1    | Identified the amulet of Stawiuga {Ward rC+ rN+ Stlth+} (You bought it in a shop on level 1 of the Orcish Mines)
 12535 | Orc:1    | Bought a glowing shield for 117 gold pieces
 12575 | Orc:1    | Received a gift from Pakellas
 12909 | Orc:2    | Acquired Pakellas' fourth power
 12914 | Orc:2    | Noticed Urug
 13000 | Orc:1    | Killed Urug
 13270 | Orc:2    | Found a bloodstained altar of Trog.
 13459 | Orc:3    | Noticed Erica
 13561 | Orc:2    | Killed Erica
 13895 | Orc:3    | Found Onos' Assorted Antiques.
 13896 | Orc:3    | Found a staircase to the Elven Halls.
 13927 | Orc:3    | Bought a scroll labeled JUANUE QAIDEYH for 32 gold pieces
 13927 | Orc:3    | Bought a scroll labeled MERAAMM EBOTUF for 32 gold pieces
 13927 | Orc:3    | Bought a twisted fluorescent wand for 128 gold pieces
 13927 | Orc:3    | Bought a jade ring for 160 gold pieces
 14251 | Orc:3    | Found Eziudic's Food Boutique.
 14356 | Orc:3    | Received a gift from Pakellas
 14368 | Orc:3    | Reached skill level 10 in Fighting
 14723 | Orc:4    | Entered Level 4 of the Orcish Mines
 14831 | Orc:4    | Reached XP level 13. HP: 68/82 MP: 28/28
 14862 | Orc:4    | Noticed an orc warlord
 14868 | Orc:4    | Killed an orc warlord
 14890 | Orc:4    | Found a roughly hewn altar of Beogh.
 14898 | Orc:4    | Found Wases' Book Boutique.
 15024 | Orc:4    | Noticed Snorg
 15035 | Orc:4    | Killed Snorg
 15164 | Orc:4    | Found a roughly hewn altar of Beogh.
 15383 | Orc:4    | Paralysed by an orc sorcerer for 4 turns
 15464 | Orc:4    | Paralysed by an orc sorcerer for 6 turns
 15482 | Orc:4    | Paralysed by an orc sorcerer for 5 turns
 15492 | Orc:4    | Paralysed by an orc sorcerer for 3 turns
 15554 | Orc:4    | Noticed an orc warlord
 15677 | Orc:4    | Killed an orc warlord
 15755 | Orc:4    | Found a roughly hewn altar of Beogh.
 15797 | Orc:4    | Noticed an orc high priest
 15799 | Orc:4    | Killed an orc high priest
 15819 | Orc:4    | Found Klank's Antique Weapon Shoppe.
 15819 | Orc:4    | Found a roughly hewn altar of Beogh.
 15823 | Orc:4    | Found Crawnef's Antique Armour Emporium.
 15855 | Orc:4    | Bought a slimy cloak for 275 gold pieces
 15860 | Orc:4    | Identified the cursed -1 cloak of Obint {rCorr Curse} (You bought it in a shop on level 4 of the Orcish Mines)
 15967 | Orc:4    | Found a roughly hewn altar of Beogh.
 15971 | Orc:4    | Found Schotimn's Armour Emporium.
 16013 | Orc:4    | Found a roughly hewn altar of Beogh.
 16277 | Lair:1   | Killed a five-headed hydra
 16340 | Lair:1   | Received a gift from Pakellas
 16867 | Lair:2   | Found a labyrinth entrance.
 16877 | Lab      | Entered a labyrinth
 17383 | Lab      | Noticed a minotaur
 17387 | Lab      | Killed a minotaur
 17387 | Lab      | Reached skill level 14 in Evocations
 17394 | Lab      | Got a translucent leather armour
 17419 | Lab      | Identified Smujasch's Easy Spellweaving
 18156 | Lair:3   | Reached skill level 10 in Shields
 18237 | Lair:3   | Gained mutation: Your natural rate of healing is unusually fast. [potion of mutation]
 18237 | Lair:3   | Gained mutation: Your spells are a little harder to cast, but a little more powerful. [potion of mutation]
 18237 | Lair:3   | Gained mutation: Scrolls take you a little longer to read. [potion of mutation]
 18323 | Lair:3   | Lost mutation: Scrolls take you a little longer to read. [potion of mutation]
 18391 | Lair:3   | Gained mutation: Your wings are large and strong. [gargoyle growth]
 18391 | Lair:3   | Reached XP level 14. HP: 88/88 MP: 30/30
 18618 | Lair:3   | Found a hole to the Spider Nest.
 19175 | Lair:4   | Found a dark tunnel.
 19218 | Volcano  | Entered a volcano
 20444 | Lair:5   | Received a gift from Pakellas
 20465 | Lair:5   | Reached skill level 15 in Evocations
 20934 | Lair:5   | Found a staircase to the Swamp.
 22387 | Lair:8   | Entered Level 8 of the Lair of Beasts
 22757 | Lair:8   | Received a gift from Pakellas
 22786 | Lair:8   | Identified a scroll of acquirement
 22790 | Lair:8   | Identified a +4 rod of ignition (13/13) (You acquired it on level 8 of the Lair of Beasts)
 22822 | Lair:8   | Found a staircase to the Slime Pits.
 22843 | Lair:8   | Noticed Nergalle
 22858 | Lair:8   | Killed Nergalle
 23051 | Lair:8   | Reached XP level 15. HP: 85/94 MP: 32/32
 23212 | Lair:8   | Reached skill level 16 in Evocations
 23471 | Lair:8   | Reached skill level 10 in Armour
 24294 | Swamp:1  | Entered Level 1 of the Swamp
 24584 | Swamp:1  | Got an iridescent flail
 24585 | Swamp:1  | Identified the +5 flail "Dosycs" {elec, +Rage rF+} (You found it on level 1 of the Swamp)
 25128 | Swamp:2  | Identified a +4 rod of inaccuracy (10/10) (You acquired it on level 2 of the Swamp)
 25258 | Swamp:2  | Received a gift from Pakellas
 25491 | Swamp:3  | Noticed a thorn hunter
 25498 | Swamp:3  | Killed a thorn hunter
 25667 | Swamp:3  | Reached skill level 17 in Evocations
 25763 | Swamp:3  | Got a twitching amber ring
 25765 | Swamp:3  | Identified the ring of Arrival {rN+ Str+4 Int+4} (You found it on level 3 of the Swamp)
 26418 | D:5      | Identified a +10 rod of ignition (18/18) (supercharged by Pakellas)
 26771 | Swamp:4  | Noticed a thorn hunter
 26776 | Swamp:4  | Killed a thorn hunter
 26776 | Swamp:4  | Reached XP level 16. HP: 85/100 MP: 3/34
 26824 | Swamp:4  | Reached skill level 15 in Maces & Flails
 27093 | Swamp:4  | Received a gift from Pakellas
 27558 | Swamp:5  | Entered Level 5 of the Swamp
 27589 | Swamp:5  | Noticed Aizul
 27602 | Swamp:5  | Killed Aizul
 27602 | Swamp:5  | Reached skill level 18 in Evocations
 27921 | Swamp:5  | Noticed Saint Roka
 27944 | Swamp:5  | Killed Saint Roka
 28345 | Swamp:5  | Got a decaying rune of Zot
 28599 | Spider:1 | Entered Level 1 of the Spider Nest
 28672 | Lair:3   | Identified a +0 pair of boots of running (You found it on level 1 of the Spider Nest)
 28706 | Spider:1 | Noticed Louise
 28718 | Spider:1 | Killed Louise
 28860 | Spider:1 | Reached XP level 17. HP: 94/104 MP: 35/35
 28907 | Spider:1 | Reached skill level 19 in Evocations
 29950 | Spider:3 | Received a gift from Pakellas
 30572 | Spider:5 | Entered Level 5 of the Spider Nest
 30759 | Spider:5 | Reached skill level 20 in Evocations
 30794 | Spider:5 | Got a gossamer rune of Zot
 30979 | Spider:5 | Received a gift from Pakellas
 31618 | D:13     | Found Suri's Antique Armour Shop.
 31623 | D:13     | Bought a pair of embroidered gloves for 121 gold pieces
 31623 | D:13     | Bought a polished helmet for 256 gold pieces
 31628 | D:13     | Identified the +0 helmet of Lugonu's Pride {rC+ Str+1 SInv} (You bought it in a shop on level 13 of the Dungeon)
 31726 | D:13     | Found Skaplah's Weapon Shoppe.
 31791 | D:13     | Found Sypraop's General Store.
 31800 | D:13     | Bought a sack of spiders for 360 gold pieces
 31821 | D:13     | Found Stroluu's Weapon Emporium.
 31863 | D:13     | Found Cuiw Osm's Antique Weapon Shoppe.
 31979 | D:13     | Reached XP level 18. HP: 102/110 MP: 37/37
 32012 | D:13     | Found a gate to the Vaults.
 32056 | Vaults:1 | Entered Level 1 of the Vaults
 32565 | Vaults:1 | Reached skill level 21 in Evocations
 32894 | Vaults:1 | Received a gift from Pakellas
 33300 | Vaults:2 | Killed from afar by a deep elf annihilator

Action                   |  1- 3 |  4- 6 |  7- 9 | 10-12 | 13-15 | 16-18 || total
-------------------------+-------+-------+-------+-------+-------+-------++-------
Melee: Flail             |   120 |   252 |   472 |   400 |   390 |  1018 ||  2652
       Morningstar       |       |       |       |   904 |   150 |       ||  1054
       Whip              |       |       |       |       |  2053 |       ||  2053
Invok: Quick Charge      |       |       |       |     3 |     3 |     2 ||     8
       Minor Device Surg |       |       |       |     2 |     6 |    29 ||    37
       Device Surge      |       |       |       |     1 |     3 |    10 ||    14
       Major Device Surg |       |       |       |     1 |     2 |     3 ||     6
 Abil: Evoke Flight      |       |       |       |     1 |     1 |       ||     2
       Fly               |       |       |       |       |     2 |       ||     2
Evoke: Wand              |       |       |     3 |    56 |    80 |    53 ||   192
       Phial of floods   |       |       |       |     1 |     3 |     3 ||     7
       Disc of storms    |       |       |       |    48 |    17 |    42 ||   107
       Rod               |       |       |       |       |     5 |    78 ||    83
       Lamp of fire      |       |       |       |       |     2 |     4 ||     6
       Box of beasts     |       |       |       |       |       |     2 ||     2
       Sack of spiders   |       |       |       |       |       |     1 ||     1
  Use: Scroll            |     2 |     2 |     9 |    15 |    18 |     4 ||    50
       Potion            |       |     1 |     4 |     5 |     3 |     2 ||    15
 Stab: Distracted        |       |       |       |     1 |     1 |     4 ||     6
       Betrayed ally     |       |       |       |       |     1 |       ||     1
       Paralysed         |       |       |       |       |     2 |       ||     2
       Invisible         |       |       |       |       |     1 |     6 ||     7
  Eat: Chunk             |     2 |     6 |    10 |    16 |     3 |     5 ||    42
       Fruit             |       |       |       |    11 |    13 |     5 ||    29
       Beef jerky        |       |       |       |     4 |     4 |     1 ||     9
       Royal jelly       |       |       |       |     2 |     1 |       ||     3
       Meat ration       |       |       |       |       |     4 |     8 ||    12
       Pizza             |       |       |       |       |     2 |       ||     2
